 Dungeon Crawl Stone Soup version 0.30-a0-169-g06f667207d (webtiles) character file.

Game seed: 6112125853354702462

16 qw the Shield-Bearer (level 2, 0/19 HPs)
             Began as a Gargoyle Fighter on Sept 30, 2022.
             Slain by a kobold
             ... wielding a +0 short sword
              (3 damage)
             ... on level 1 of the Dungeon.
             The game lasted 00:00:08 (239 turns).

qw the Shield-Bearer (Gargoyle Fighter)              Turns: 239, Time: 00:00:09

Health: 0/19       AC:  9    Str: 19    XL:     2   Next: 58%
Magic:  2/2        EV:  9    Int:  8    God:
Gold:   11         SH:  4    Dex:  9    Spells: 1/1 levels left

rFire   . . .      SeeInvis .    a - +0 war axe
rCold   . . .      Faith    .    c - +0 buckler
rNeg    + . .      Spirit   .    b - +0 scale mail
rPois   inf        Reflect  .    (no helmet)
rElec   +          Harm     .    (no cloak)
rCorr   .          Rampage  .    (no gloves)
Will    .....                    (no boots)
Stlth   ..........               (no amulet)
HPRegen 0.06/turn                (no ring)
MPRegen 0.08/turn                (no ring)

@: no status effects
A: sickness immunity, AC +2, negative energy resistance 1, electricity
resistance, torment resistance 1, petrification resistance
a: no special abilities


You were on level 1 of the Dungeon.
You visited 1 branch of the dungeon, and saw 1 of its levels.

You collected 11 gold pieces.


Innate Abilities, Weirdness & Mutations

You are immune to sickness and miasma.
Your stone body is resilient. (AC +2)
You are immune to poison.
You resist negative energy. (rN+)
You are resistant to electric shocks. (rElec)
You are resistant to unholy torment.
You are immune to petrification.


   Skills:
 - Level 3.2 Fighting
 + Level 2.8 Axes
 - Level 3.2 Armour
 - Level 3.2 Shields


You had one spell level left.
You didn't know any spells.
Your spell library was empty.

Inventory:

Hand Weapons
 a - a +0 war axe (weapon)
 e - a +0 club
Armour
 b - a +0 scale mail (worn)
 c - a +0 buckler (worn)
Scrolls
 f - a scroll of teleportation {unknown}
 g - a scroll of amnesia {unknown}
 i - a scroll of identify {unknown}
Potions
 d - a potion of might
 h - a potion of flight {unknown}

Dungeon Overview and Level Annotations

Branches:
Dungeon (1/15)

Altars:


Message History

A kobold comes into view. It is wielding a +0 short sword.
You barely miss the ball python.
The kobold shouts!
The ball python bites you. The ball python constricts you.
The ball python barely misses you. The ball python constricts you.
A jackal comes into view.
You slash the ball python!
You kill the ball python!
A jackal comes into view.
The jackal barks!
You hear a bark!
You hit the jackal.
The jackal is severely wounded.
You closely miss the kobold.
The jackal bites you but does no damage.
You block the kobold's attack.
You closely miss the jackal.
The jackal is severely wounded.
You miss the kobold.
The jackal bites you but does no damage.
A jackal comes into view.
You block the kobold's attack.
The jackal bites you but does no damage.
The jackal bites you.
A jackal comes into view.
The kobold barely misses you.
You barely miss the jackal.
The jackal is severely wounded.
You barely miss the jackal. You closely miss the kobold.
The jackal barks!
The jackal barely misses you. x3
The jackal bites you but does no damage.
The kobold hits you with a +0 short sword.
You slash the jackal!
You kill the jackal!
You barely miss the kobold. You slash the jackal!
You kill the jackal!
You block the kobold's attack.
You closely miss the kobold.
The kobold hits you with a +0 short sword.
You die...

##.###.#.....#.......#........#
#+.+#'.#...[#####....#........#
.###.###....####.......>......#
.'#'.# .......................#
##.###......####......####.#...#
.'.# .##.## #......# #.#...#
.### .# ##.##...#........# <#
##..........#.#...# ##
#.%@........ .# ## #..)Kh......#
#...h.......# .....[.......#
#.............# .........#...#..
........#######. .........


You could see 2 jackals and a kobold.

Vanquished Creatures
  A ball python (D:1)
  2 bats (D:1)
  An endoplasm (D:1)
  A goblin (D:1)
  A hobgoblin (D:1)
  4 jackals (D:1)
  2 kobolds (D:1)
  A rat (D:1)
13 creatures vanquished.

Notes
Turn   | Place    | Note
-------+----------+-------------------------------------------
     0 | D:1      | qw the Gargoyle Fighter began the quest for the Orb.
     0 | D:1      | Reached XP level 1. HP: 14/14 MP: 1/1
     0 | D:1      | 0 ||| qw: Version: 0.2-a-12-gaebbb33
     0 | D:1      | 0 ||| qw: Game counter: 1408
     0 | D:1      | 0 ||| qw: Always use a shield: true
     0 | D:1      | 0 ||| qw: God list: Okawaru
     0 | D:1      | 0 ||| qw: Allow faded altars: false
     0 | D:1      | 0 ||| qw: Do Orc after D:15 true
     0 | D:1      | 0 ||| qw: Do second Lair branch before Depths: true
     0 | D:1      | 0 ||| qw: Lair rune preference: random
     0 | D:1      | 0 ||| qw: Plans: Normal, Zot:1-4, God:TSO, Crypt, Tomb,
                  | Pan, Slime:5, Hells, Abyss, Orb
     0 | D:1      | 0 ||| PLANNING D:1-11
    72 | D:1      | Reached XP level 2. HP: 17/19 MP: 2/2
   236 | D:1      | HP: 4/19 [jackal (3)]
   239 | D:1      | Slain by a kobold

Levels and vault maps discovered:
D:1:      erik_arrival_triangle_medium, layout_rooms, minmay_misc_feat_roman

Skill      XL: |  1 |
---------------+----+-----
Axes           | 2 |  2.8
Fighting       | |  3.2
Armour         | |  3.2
Shields        | |  3.2

Action                   || total
-------------------------++-------
Melee: War axe           ||    34
Armor: Scale mail        ||    19
Dodge: Dodged            ||    19
Block: Buckler           ||     7

Table legend:
 A = Non-vault XP
 B = Vault XP
 C = Vault XP percentage of total XP
 D = Non-vault monster count
 E = Vault monster count
 F = Vault count percentage of total count
                 A         B        C        D         E       F
            +---------+---------+-------+---------+---------+-------
      Total |      24 |       0 |   0.0 |      13 |       0 |   0.0
            +---------+---------+-------+---------+---------+-------
        D:1 |      24 |       0 |   0.0 |      13 |       0 |   0.0
            +---------+---------+-------+---------+---------+-------
